 Dungeon Crawl Stone Soup version 0.18.1-48-g4cf74bf (webtiles) character file.

3429 HEYYEYAAE the Skirmisher (level 9, -1/81 HPs)
             Began as a Demigod Gladiator on Sept 11, 2016.
             Slain by barkey's ghost (2 damage)
             ... on level 8 of the Dungeon.
             The game lasted 00:11:07 (7667 turns).

HEYYEYAAE the Skirmisher (Demigod Gladiator)        Turns: 7667, Time: 00:11:08

Health: -1/81      AC: 16    Str: 24    XL:     9   Next: 48%
Magic:  15/15      EV: 11    Int: 12    God:
Gold:   307        SH:  0    Dex: 16    Spells: 0 memorised, 8 levels left

rFire  + . .     SeeInvis .     a - +0 rapier
rCold  . . .     Gourm    .     H - +3 chain mail {rF+}
rNeg   . . .     Faith    .     (no shield)
rPois  .         Spirit   .     c - +0 helmet
rElec  .         Dismiss  .     E - +0 cloak
rCorr  .         Reflect  .     (no gloves)
SustAt +         Harm     .     I - +0 pair of boots
MR     .....                    J - amulet of magic regeneration
Stlth  ..........               (no ring)
                                (no ring)

@: not resistant to hostile enchantments, extremely unstealthy
A: high mp 1, sustain attributes
a: no special abilities


You were on level 8 of the Dungeon.
You were near starving.

You visited 1 branch of the dungeon, and saw 8 of its levels.

You collected 307 gold pieces.

Inventory:

Hand Weapons
 a - a +0 rapier (weapon)
 b - a +3 dagger of venom
 k - a +0 dagger of draining
Missiles
 d - 4 throwing nets (quivered)
Armour
 c - a +0 helmet (worn)
 E - a +0 cloak (worn)
 H - a +3 chain mail of fire resistance (worn)
 I - a +0 pair of boots (worn)
Jewellery
 J - an amulet of magic regeneration (around neck)
Wands
 l - a wand of acid (14/15)
 n - a wand of slowing (0/48)
 y - a wand of flame (15/48)
 F - a wand of iceblast (3/15)
Scrolls
 e - a scroll of random uselessness
 i - 4 scrolls of remove curse
 m - a scroll of enchant weapon
 q - 3 scrolls of enchant armour
 C - a scroll of recharging
Potions
 v - 5 potions of flight
 A - a potion of curing
Books
 j - a book of Envenomations

   Spells                             Type                      Level
   a - Spider Form                    Transmutation/Poison         3
   b - Olgreb's Toxic Radiance        Poison                       4
   c - Alistair's Intoxication        Transmutation/Poison         5
   d - Poisonous Cloud                Conjuration/Poison/Air       6
 p - a book of the Dragon

   Spells                             Type                      Level
   a - Flame Tongue                   Conjuration/Fire             1
   b - Cause Fear                     Hexes                        4
   c - Bolt of Fire                   Conjuration/Fire             6
   d - Dragon Form                    Transmutation                7
   e - Dragon's Call                  Summoning                    9
 G - a book of Clouds

   Spells                             Type                      Level
   a - Mephitic Cloud                 Conjuration/Poison/Air       3
   b - Conjure Flame                  Conjuration/Fire             3
   c - Poisonous Cloud                Conjuration/Poison/Air       6
   d - Freezing Cloud                 Conjuration/Ice/Air          6
   e - Ring of Flames                 Charms/Fire                  7
Comestibles
 f - 5 bread rations
 g - 3 slices of pizza
 r - 4 fruits
 z - 11 royal jellies
 D - 6 beef jerkies


   Skills:
 * Level 7.9 Fighting
 + Level 5.8 Short Blades
 - Level 1.7 Throwing
 + Level 5.0 Armour
 + Level 5.8 Dodging
 + Level 4.5 Evocations


You had 8 spell levels left.
You didn't know any spells.

Dungeon Overview and Level Annotations

Branches:
Dungeon (8/15)             Temple (0/1) D:7
   Lair: D:8-11

Annotations:
D:8 barkey's ghost, novice MiBe


Innate Abilities, Weirdness & Mutations

You have an increased reservoir of magic (+10% MP).
Your attributes are resistant to harm.


Message History

It is a scroll of amnesia.
You feel forgetful for a moment. Barkey's ghost hits you!
* * * LOW HITPOINT WARNING * * *
x2 Read which item? (? for menu, Esc to quit)
As you read the scroll labeled KOIKAI PURUTHO, it crumbles to dust.
You assume a fearsome visage.
The orc looks frightened!
Barkey's ghost is unaffected.
It was a scroll of fear.
Barkey's ghost barely misses you.
Read which item? (? for menu, Esc to quit)
As you read the scroll labeled TIKLYF MUOFOE, it crumbles to dust.
The scroll dissolves into smoke.
It was a scroll of fog.
Barkey's ghost hits you but does no damage.
Unknown command.
Read which item? (? for menu, Esc to quit)
As you read the scroll labeled FEOM ZINOUNA, it crumbles to dust.
It is a scroll of recharging.
Charge which item? (? for menu, Esc to quit)
Your wand of acid glows for a moment.
Barkey's ghost hits you!
* * * LOW HITPOINT WARNING * * *
You die...

######### ###
#.......# #§#
#.......##
#@#######.........
#§W§o...........##
#§#######.#######
#... #.# #... #.#
#...# .o. #...#
... #...# .....
##: .....


You could see barkey's ghost (inner flame).

Vanquished Creatures
  Pikel (D:7)
  Grinder (D:4)
  Prince Ribbit (D:7)
  Sigmund (D:5)
  A soldier ant (D:8)
  2 orc warriors (D:6)
  A black bear (D:6)
  A wasp (D:8)
  3 ogres
  3 centaurs
  2 giant frogs (D:6)
  A big kobold (D:7)
  Blork the orc (D:6)
  A scorpion (D:6)
  A howler monkey (D:6)
  A giant frog zombie (D:7)
  A centaur skeleton (D:4)
  3 hounds
  7 orc wizards
  6 orc priests
  A giant frog skeleton (D:6)
  3 iguanas
  A hell rat (D:6)
  7 worker ants
  3 hound skeletons (D:4)
  A worker ant zombie (D:7)
  A howler monkey skeleton (D:7)
  4 adders
  11 gnolls
  An ooze (D:5)
  2 adder skeletons
  7 worms
  A dart slug (D:1)
  4 giant geckos
  15 orcs
  2 ball pythons
  12 bats
  3 giant cockroaches
  11 goblins
  5 hobgoblins
  2 jackals (D:3)
  7 kobolds
  4 quokkas
  5 giant newts
  8 rats
160 creatures vanquished.

Vanquished Creatures (others)
  A slave (D:7)
  An adder (D:4)
  A worm (D:4)
  3 orcs
  A goblin (D:7)
7 creatures vanquished.

Grand Total: 167 creatures vanquished

Notes
Turn   | Place    | Note
--------------------------------------------------------------
     0 | D:1      | HEYYEYAAE the Demigod Gladiator began the quest for the Orb.
     0 | D:1      | Reached XP level 1. HP: 17/17 MP: 3/3
    65 | D:1      | Reached skill level 2 in Fighting
   686 | D:2      | Reached XP level 2. HP: 23/24 MP: 4/4
  1209 | D:3      | Reached XP level 3. HP: 24/30 MP: 5/5
  1372 | D:3      | Reached skill level 1 in Armour
  1671 | D:3      | Reached skill level 3 in Fighting
  2409 | D:2      | Found an opulent altar of Gozag.
  2427 | D:2      | Reached XP level 4. HP: 32/38 MP: 6/6
  2600 | D:2      | Found a white marble altar of Elyvilon.
  2697 | D:2      | Found a bloodstained altar of Trog.
  3021 | D:1      | Found a sparkling altar of Nemelex Xobeh.
  3574 | D:4      | Found a shimmering altar of Xom.
  3656 | D:4      | Noticed an ogre
  3662 | D:4      | Reached XP level 5. HP: 45/46 MP: 8/8
  3668 | D:4      | Noticed Grinder
  3698 | D:5      | Entered Level 5 of the Dungeon
  3711 | D:5      | Reached skill level 1 in Evocations
  3733 | D:5      | Reached skill level 4 in Fighting
  3740 | D:5      | Noticed Sigmund
  3751 | D:5      | Killed Sigmund
  3751 | D:5      | Reached XP level 6. HP: 41/53 MP: 9/9
  4070 | D:5      | Reached XP level 7. HP: 45/60 MP: 11/11
  4344 | D:5      | Found a stormy altar of Qazlal.
  4656 | D:4      | Reached skill level 5 in Fighting
  4859 | D:4      | Killed Grinder
  5137 | D:6      | Found a blossoming altar of Fedhas.
  5143 | D:6      | Reached XP level 8. HP: 70/70 MP: 13/13
  5228 | D:6      | Reached skill level 6 in Fighting
  5229 | D:6      | Noticed Blork the orc
  5236 | D:6      | Killed Blork the orc
  5753 | D:6      | Reached skill level 5 in Short Blades
  5753 | D:6      | Reached skill level 5 in Dodging
  5984 | D:6      | Found a basalt altar of Yredelemnul.
  5984 | D:6      | Found an oddly glowing altar of Pakellas.
  6353 | D:7      | Noticed Prince Ribbit
  6378 | D:7      | Killed Prince Ribbit
  6378 | D:7      | Reached skill level 7 in Fighting
  6448 | D:7      | Reached XP level 9. HP: 63/79 MP: 15/15
  6665 | D:7      | Noticed Pikel
  6691 | D:7      | Killed Pikel
  6900 | D:7      | Found a staircase to the Ecumenical Temple.
  7123 | D:7      | Found a snail-covered altar of Cheibriados.
  7561 | D:8      | Reached skill level 5 in Armour
  7580 | D:8      | Noticed barkey's ghost (novice MiBe)
  7667 | D:8      | HP: 1/81 [barkey's ghost (8)]
  7667 | D:8      | Slain by barkey's ghost

Skill      XL: |  1  2  3  4  5  6  7  8  9 |
---------------+----------------------------+-----
Fighting       | 2 3 4 5 7 |  7.9
Armour         | 1 2 3 4 5 |  5.0
Dodging        | 3 4 5 |  5.8
Short Blades   | 3 4 5 |  5.8
Evocations     | 1 2 3 4 |  4.5
Throwing       | |  1.7

Action                   |  1- 3 |  4- 6 |  7- 9 || total
-------------------------+-------+-------+-------++-------
Melee: Rapier            |    57 |       |    37 ||    94
       Battleaxe         |    37 |       |       ||    37
       Dagger            |    37 |   143 |   458 ||   638
Evoke: Wand              |       |     7 |    27 ||    34
  Use: Potion            |     2 |     2 |     4 ||     8
       Scroll            |       |     8 |    10 ||    18
  Eat: Chunk             |     5 |     5 |    10 ||    20
       Fruit             |       |       |     1 ||     1
Armor: Scale mail        |    83 |    47 |    72 ||   202
       Leather armour    |     7 |       |       ||     7
       Chain mail        |       |       |   148 ||   148
Dodge: Dodged            |   108 |    82 |   253 ||   443
